 Dungeon Crawl Stone Soup version 0.23-a0-577-g2b1de94 (console) character file.

81 Duffy the Conjurer (level 4, 36/36 HPs)
             Began as a Naga Fire Elementalist on Dec 14, 2018.
             Quit the game on level 2 of the Dungeon.
             The game lasted 00:02:29 (1225 turns).

Duffy the Conjurer (Naga Fire Elementalist)         Turns: 1225, Time: 00:02:29

Health: 36/36      AC:  2    Str: 11    XL:     4   Next: 42%
Magic:  7/7        EV: 12    Int: 16    God:
Gold:   46         SH:  0    Dex: 11    Spells: 3/7 levels left

rFire    . . .     SeeInvis +   d - +0 dagger
rCold    . . .     Gourm    .   (no shield)
rNeg     . . .     Faith    .   a - +0 robe
rPois    +         Spirit   .   (no helmet)
rElec    .         Reflect  .   (no cloak)
rCorr    .         Harm     .   (no gloves)
MR       .....                  (no barding)
Stlth    ++........             f - amulet of rage
HPRegen  0.12/turn              g - +2 ring of evasion
MPRegen  0.10/turn              (no ring)

@: very slow
A: large, see invisible, deformed body, poison resistance, slowness 2, slow
metabolism 1, spit poison 1, AC +1
a: Spit Poison, Evoke Berserk Rage


You were on level 2 of the Dungeon.
You were not hungry.

You visited 1 branch of the dungeon, and saw 2 of its levels.

You collected 46 gold pieces.

Inventory:

Hand Weapons
 d - a +0 dagger (weapon)
Armour
 a - a +0 robe (worn)
Jewellery
 f - an amulet of rage (around neck)
 g - a +2 ring of evasion (left hand)
Scrolls
 b - a scroll of teleportation {unknown}
 e - 2 scrolls of identify {unknown}
 i - a scroll of remove curse {unknown}
 k - a scroll of enchant armour {unknown}
Potions
 j - a potion of might {unknown}
 l - a potion of flight {unknown}
Comestibles
 c - a ration
 h - 8 chunks of flesh


   Skills:
 - Level 1.5 Dodging
 - Level 3.0 Stealth
 + Level 2.3 Spellcasting
 + Level 3.5 Conjurations
 + Level 3.3 Fire Magic


You had 3 spell levels left.
You knew the following spells:

 Your Spells              Type           Power        Failure   Level  Hunger
h - Flame Tongue          Conj/Fire      ##...        4%          1    #......
l - Conjure Flame         Conj/Fire      ##......     14%         3    ###....

Your spell library contained the following spells:

 Spells                   Type           Power        Failure   Level  Hunger
 Throw Flame              Conj/Fire      ##....       8%          2    ###....
 Inner Flame              Hex/Fire       #.......     30%         3    ###....
 Sticky Flame             Conj/Fire      ##......     43%         4    #####..
 Fireball                 Conj/Fire      ##........   80%         5    ######.


Dungeon Overview and Level Annotations

Branches:
Dungeon (2/15)

Altars:
Gozag
Trog
The Shining One


Innate Abilities, Weirdness & Mutations

You cannot wear boots.
Your serpentine skin is tough. (AC +1)
You have supernaturally acute eyesight. (SInv)
Armour fits poorly on your strangely shaped body.
Your system is resistant to poisons. (rPois)
You cover ground very slowly.
You have a slow metabolism.
You can spit poison.


Message History

Things that are here:
a +0 club; a goblin skeleton
k - a scroll labeled CUSMEFAH HURI
l - a fuming coppery potion
There is an opulent altar of Gozag here.
Things that are here:
a +0 club; a goblin skeleton
Things that are here:
a +0 club; a goblin corpse You butcher the goblin corpse.
h - 9 chunks of flesh (gained 3)
Things that are here:
a +0 club; a goblin skeleton
Things that are here:
a +0 club; a goblin skeleton Some of the chunks of flesh in your inventory have rotted away.
A frilled lizard comes into view.
The frilled lizard hisses angrily.
A frilled lizard is nearby!
Are you sure you want to abandon this character and quit the game? (Confirm

##.####...).# #.
##...........# ..
..#.####.....# #. #.#
##...... #. #.# #.......
#l #.# ###.....#.
##.###.#####.###.......#.
................._..._.#.
#.....@.###.##...)......
#.###.#.# #.......}.....
#.#.# #.#....)......
#.#.# #.###.......##
#.#.# #.# #..._...# #.#.#
#.# ###....## ..... ..#
##.#.# #...# ### #...#
###.#


You could see a frilled lizard.

Vanquished Creatures
  2 adders (D:2)
  4 gnolls (D:2)
  2 worms (D:2)
  A dart slug (D:2)
  3 giant cockroaches
  A kobold (D:2)
  2 bats
  A frilled lizard (D:1)
  3 goblins (D:2)
  2 rats (D:2)
21 creatures vanquished.

Notes
Turn   | Place    | Note
-------+----------+-------------------------------------------
     0 | D:1      | Duffy the Naga Fire Elementalist began the quest for the
                  | Orb.
     0 | D:1      | Reached XP level 1. HP: 15/15 MP: 3/3
   191 | D:2      | Reached XP level 2. HP: 11/22 MP: 0/5
   617 | D:2      | Reached XP level 3. HP: 28/28 MP: 4/6
   622 | D:2      | Learned a level 3 spell: Conjure Flame
   830 | D:2      | Reached XP level 4. HP: 18/36 MP: 2/7
  1162 | D:2      | Found a bloodstained altar of Trog.
  1162 | D:2      | Found a glowing golden altar of the Shining One.
  1172 | D:2      | Found an opulent altar of Gozag.
  1225 | D:2      | Quit the game

Vault maps used:
D:1:      lemuel_arrival_funnel, wander_ebering_terrifying_dragon_lair
D:2:      grunt_temple_overflow_open, minmay_heptomino_d4

Skill      XL: |  1  2  3 |
---------------+----------+-----
Conjurations   | 2 3 |  3.5
Dodging        | |  1.5
Stealth        | |  3.0
Spellcasting   | |  2.3
Fire Magic     | |  3.3

Action                   |  1- 3 |  4- 6 || total
-------------------------+-------+-------++-------
Melee: Dagger            |     1 |       ||     1
 Cast: Flame Tongue      |    30 |    16 ||    46
 Abil: Spit Poison       |    11 |     3 ||    14
  Eat: Chunk             |       |     1 ||     1
Armor: Robe              |     3 |     1 ||     4
Dodge: Dodged            |    19 |     2 ||    21

Table legend:
 A = Non-vault XP
 B = Vault XP
 C = Vault XP percentage of total XP
 D = Non-vault monster count
 E = Vault monster count
 F = Vault count percentage of total count
                 A         B        C        D         E       F
            +---------+---------+-------+---------+---------+-------
      Total |     106 |      11 |   9.4 |      17 |       4 |  19.0
            +---------+---------+-------+---------+---------+-------
        D:1 |       4 |       0 |   0.0 |       3 |       0 |   0.0
        D:2 |     102 |      11 |   9.7 |      14 |       4 |  22.2
            +---------+---------+-------+---------+---------+-------
